 Dungeon Crawl Stone Soup version 0.29-a0-266-gf56f883ddd (webtiles) character file.

Game seed: 17313697326788962562

259914 frimble the Warrior (level 21, -8/201 HPs)
             Began as a Djinni Cinder Acolyte on Mar 7, 2022.
             Was a High Priest of Cheibriados.
             Killed from afar by a living spell (27 damage)
             ... with an iceblast
             ... summoned by a walking frostbound tome
             ... on level 1 of the Depths.
             The game lasted 01:20:55 (37565 turns).

frimble the Warrior (Djinni Cinder Acolyte)        Turns: 37565, Time: 01:20:56

Health: -8/201     AC: 39    Str: 27    XL:     21   Next: 18%
Gold:   2489       EV: 21    Int: 39    God:    Cheibriados [*****.] SH:  8 Dex: 25

rFire   + + +      SeeInvis .   Q - +9 lance "Wyrmbane" {slay drac, rPois rF+ rC+ AC+3}
rCold   + . .      Faith    .   N - +0 buckler
rNeg    + . .      Spirit   .   (body armour currently unavailable)
rPois   ∞          Reflect  .   J - +2 hat
rElec   +          Harm     .   x - +2 cloak of the Vacuum {Slay+2}
rCorr   .          Rampage  .   (gloves currently unavailable)
Will    +++..      Clarity  +   (boots unavailable)
Stlth   ++++......              i - amulet of regeneration
HPRegen 1.23/turn               f - ring of protection from cold
MPRegen 0.00/turn               I - ring of willpower

@: statue-form, flying, very slow
A: slow and powerful, torment resistance 1, flying, boosted hp, sickness
immunity, fire resistance 2, cold vulnerability 1, float, innate caster, HP
casting, extra vitality 1, claws 1, clarity
}: 1/15 runes: serpentine
a: End Transformation, Renounce Religion, Bend Time, Temporal Distortion,
Slouch, Step From Time


You were on level 1 of the Depths.
You worshipped Cheibriados.
Cheibriados was extremely pleased with you.
You were a living statue of rough stone.
You visited 8 branches of the dungeon, and saw 33 of its levels.
You also visited: Bailey and Gauntlet.

You collected 4300 gold pieces.
You spent 1811 gold pieces at shops.

Inventory:

Hand Weapons
 h - a +1 vampiric rapier
 Q - the +9 lance "Wyrmbane" (weapon) {slay drac, rPois rF+ rC+ AC+3}
   (You took it off a minotaur in a Gauntlet)

   It inflicts extra damage against dragons and draconians.
   AC:        It affects your AC (+3).
   rF:        It protects you from fire.
   rC:        It protects you from cold.
   rPois:     It protects you from poison.
Missiles
 b - 22 javelins
 C - 5 throwing nets
 R - 11 silver javelins
Armour
 g - a +0 kite shield
 x - the +2 cloak of the Vacuum (worn) {Slay+2}
   (You acquired it on level 2 of the Snake Pit)

   Slay:      It affects your accuracy & damage with ranged weapons and melee
   (+2).
 y - a +4 troll leather armour (melded)
 z - a +0 pair of gloves (melded)
 J - a +2 hat (worn)
 N - a +0 buckler (worn)
Jewellery
 c - a ring of fire
 f - a ring of protection from cold (left claw)
 i - an amulet of regeneration (around neck)
 o - a ring of protection from cold
 B - the ring of Desiheigg {*Corrode Fly rElec Will+ SInv}
   (You found it on level 9 of the Dungeon)

   [ring of willpower]

   rElec:     It insulates you from electricity.
   SInv:      It lets you see invisible.
   Fly:       It grants you flight.
   *Corrode:  It may corrode you when you take damage.
   Will:      It increases your willpower.
 I - a ring of willpower (right claw)
Wands
 a - a wand of polymorph (9)
 l - a wand of digging (14)
 A - a wand of flame (71)
 K - a wand of iceblast (13)
 T - a wand of acid (5)
 W - a wand of paralysis (13)
Scrolls
 d - a scroll of silence
 e - a scroll of brand weapon
 k - 9 scrolls of vulnerability
 t - 8 scrolls of fear
 D - 2 scrolls of fog
 E - 7 scrolls of enchant weapon
 G - 10 scrolls of teleportation
 H - 2 scrolls of immolation
 L - 4 scrolls of blinking
 O - 4 scrolls of magic mapping
 Y - a scroll of summoning
Potions
 j - 7 potions of lignification
 m - 5 potions of brilliance
 n - 3 potions of cancellation
 p - 6 potions of might
 q - 5 potions of heal wounds
 r - 4 potions of attraction
 s - 19 potions of curing
 u - 8 potions of ambrosia
 v - 4 potions of resistance
 P - 2 potions of invisibility
 S - 2 potions of berserk rage
 U - 3 potions of mutation
Miscellaneous
 w - a condenser vane (inert)
 F - a phantom mirror
 V - a box of beasts
 X - a tin of tremorstones (inert)


   Skills:
 + Level 15.1 Fighting
 - Level 12.0 Short Blades
 - Level 12.0 Polearms
 - Level 13.5 Armour
 + Level 10.5 Dodging
 + Level 6.6 Stealth
 + Level 11.1 Shields
 - Level 7.3 Unarmed Combat
 + Level 13.6 Spellcasting
 + Level 8.0 Invocations
 + Level 7.4 Evocations


You couldn't memorise any spells.
You knew the following spells:

 Your Spells              Type           Power      Damage    Failure   Level
a - Statue Form           Tmut/Erth      62%        N/A       1%          6
b - Sandblast             Erth           100%       2d20      0%          1
c - Corpse Rot            Necr/Air       100%       N/A       0%          2
d - Portal Projectile     Hex/Tloc       100%       N/A       1%          3
e - Petrify               Tmut/Erth      93%        N/A       1%          4
f - Lee's Rapid Deconstr  Erth           46%        3d23*     1%          5
g - Metabolic Englaciati  Hex/Ice        46%        N/A       1%          5
h - Scorch                Fire           100%       2d10      0%          2
i - Dispersal             Tloc           46%        N/A       1%          6
j - Death Channel         Necr           46%        N/A       1%          6
k - Necromutation         Tmut/Necr      46%        N/A       36%         8
Your spell library was empty.

Dungeon Overview and Level Annotations

Branches:
Dungeon (15/15)            Temple (1/1) D:6            Lair (6/6) D:11
 Shoals (1/4) Lair:3        Snake (4/4) Lair:2        Slime (0/5) Lair:5
    Orc (2/2) D:9             Elf (3/3) Orc:2        Vaults (0/5) D:14
 Depths (1/4) D:15         Bailey (visited)         Gauntlet (visited)

Altars:
Ashenzari
Cheibriados
Dithmenos
Elyvilon
Fedhas
Gozag
Hepliaklqana
Kikubaaqudgha
Makhleb
Nemelex Xobeh
Qazlal
Uskayaw
Vehumet
Wu Jian
Xom
Yredelemnul
Zin
The Shining One

Shops:
D:10 !   Orc:2 =*[(   Elf:1 *   Elf:2 *   Snake:2 ?

Annotations:
D:6 2 transporters
D:8 3 runed translucent doors, TheGamechu's ghost, novice TrBe
Elf:2 3 runed translucent doors


Innate Abilities, Weirdness & Mutations

You are a living statue of rough stone.
Your actions are slow, but your melee attacks are powerful.
You are resistant to unholy torment.
You are flying.
Your maximum health is greatly increased.
Your equipment is partially melded.
You are immune to sickness and miasma.
You are immune to poison.
Your flesh is very heat resistant. (rF++)
You are vulnerable to cold. (rC-)
You float through the air rather than walking.
You learn spells naturally, not from books.
Your magical power is your life essence.
You have superior vitality. (+4 MHP)
You have sharp fingernails.
You possess an exceptional clarity of mind.


Message History

Aiming: Iceblast
Press: ? - help, Shift-Dir - straight line The mass of ice explodes!
The iceblast engulfs the walking frostbound tome!
The walking frostbound tome partially resists.
The walking frostbound tome is severely damaged.
The iceblast engulfs the living spell!!
You destroy the living spell!
The living spell casts itself at you.
The mass of ice explodes!
The iceblast engulfs you!! You partially resist.
The walking frostbound tome erupts in a flurry of living spells!
Aiming: Iceblast
Press: ? - help, Shift-Dir - straight line The mass of ice explodes!
The iceblast engulfs the walking frostbound tome!!
The walking frostbound tome partially resists.
The walking frostbound tome is severely damaged.
Aiming: Iceblast
Press: ? - help, Shift-Dir - straight line The mass of ice explodes!
The iceblast engulfs the living spell!
You destroy the living spell!
The iceblast engulfs the walking frostbound tome!
The walking frostbound tome partially resists.
The walking frostbound tome is almost destroyed.
The walking frostbound tome erupts in a flurry of living spells! x2
The living spell casts itself at you.
The mass of ice explodes!
The iceblast engulfs you!!! You partially resist.
The walking frostbound tome erupts in a flurry of living spells!
The living spell casts itself at you.
The mass of ice explodes!
The iceblast engulfs you!! You partially resist.
* * * LOW HITPOINT WARNING * * *
The living spell casts itself at you.
The mass of ice explodes!
The iceblast engulfs you!! You partially resist.
* * * LOW HITPOINT WARNING * * *
The living spell casts itself at you.
The mass of ice explodes!
The iceblast engulfs you! You partially resist.
* * * LOW HITPOINT WARNING * * *
The living spell casts itself at you.
The mass of ice explodes!
The iceblast engulfs you!! You partially resist.
You die...

#.......#
###.......#
##...≈≈≈...#
##...§≈≈§≈..## #
#...§≈§≈≈≈≈..##.#
....≈§≈≈≈≈..#..÷.
...≈≈≈≈≈≈?....#
..[≈≈≈≈≈.8÷...#
...*≈≈≈≈≈§[÷..#
..*;≈§≈≈≈§...##
#.#.≈≈§§.[....#
##.*§...#####
##§#...# ##!...#
.....# ######


You could see a walking frostbound tome and 3 living spells.

Vanquished Creatures
  Vashnia (Snake:2)
  2 deep elf blademasters (Elf:3)
  2 deep elf master archers (Elf:3)
  Agnes (Snake:4)
  5 nagarajas (Snake:4)
  2 orc warlords (Orc:2)
  3 deep elf sorcerers
  6 deep elf elementalists (Elf:3)
  A stone giant (D:15)
  A very ugly thing (Depths:1)
  3 deep elf demonologists
  7 deep elf annihilators (Elf:3)
  A minotaur (Gauntlet)
  11 deep elf death magi
  2 fire dragons
  A merfolk impaler (Shoals:1)
  15 naga warriors
  A deep elf high priest (Elf:1)
  3 salamander tyrants (Snake:4)
  A vault guard (D:14)
  Harold (D:9)
  4 boulder beetles
  A rakshasa (Depths:1)
  Erolcha (Orc:2)
  9 hydras
  A catoblepas (D:15)
  A merfolk avatar (Shoals:1)
  An alligator snapping turtle (Shoals:1)
  3 centaur warriors
  3 two-headed ogres
  14 anacondas
  A spriggan air mage (Depths:1)
  2 death scarabs (Gauntlet)
  3 deep troll earth magi (Depths:1)
  19 dancing weapons
  A spriggan berserker (Depths:1)
  A tengu warrior (D:14)
  A deep troll shaman (Depths:1)
  19 naga sharpshooters
  Urug (Orc:2)
  A vampire mage (D:15)
  8 shock serpents
  4 orc high priests (Orc:2)
  12 deep elf knights
  9 hell knights (D:11)
  A spriggan (Depths:1)
  A storm dragon skeleton (D:15)
  An iron troll (D:15)
  A goliath frog (Shoals:1)
  10 skeletal warriors
  2 deep trolls
  4 naga ritualists
  A swamp dragon (Lair:6)
  3 sea snakes (Shoals:1)
  A glowing orange brain (Depths:1)
  A golden dragon skeleton (D:15)
  A wizard (D:14)
  2 lindwurms
  A tengu zombie (D:15)
  3 harpies (Shoals:1)
  15 deep elf archers
  A spectral hydra (Gauntlet)
  4 orc knights (Orc:2)
  A sphinx zombie (D:15)
  2 necromancers
  8 mana vipers
  33 deep elf pyromancers
  28 deep elf zephyrmancers
  7 manticores
  21 ugly things
  2 oklob plants (Lair:4)
  A spectral boulder beetle (Gauntlet)
  A wolf spider (Lair:6)
  12 cyclopes
  8 fauns (Shoals:1)
  6 orc sorcerers
  13 salamanders
  33 elephants
  10 naga magi
  2 merfolk sirens (Shoals:1)
  7 guardian serpents
  A rust devil (Gauntlet)
  4 water nymphs (Shoals:1)
  30 black mambas
  A gargoyle (D:12)
  20 cane toads
  A torpor snail (Lair:5)
  4 rime drakes
  12 komodo dragons
  5 yaktaurs (D:15)
  A kobold demonologist (D:12)
  4 tengu conjurers (D:13)
  A freezing wraith (D:9)
  An efreet (D:13)
  6 merfolk (Shoals:1)
  12 trolls
  5 wind drakes
  A polar bear (Lair:6)
  4 hornets
  6 meliai
  A queen bee (Lair:5)
  10 slime creatures
  Grinder (D:5)
  A tarantella (shapeshifter) (D:14)
  14 dream sheep
  5 snapping turtles (Shoals:1)
  19 blink frogs
  3 shadows
  Sigmund (D:3)
  2 air elementals
  Eustachio (D:5)
  5 water elementals
  4 wraiths
  2 vampires
  42 yaks
  A ynoxinul (Gauntlet)
  18 fire elementals
  A fire bat (shapeshifter) (D:14)
  2 fire bats (Depths:1)
  10 wyverns
  Grum (D:8)
  8 basilisks
  A steam dragon (D:8)
  A spectral cane toad (Gauntlet)
  Menkaure (D:5)
  6 vampire mosquitoes
  46 nagas
  2 wargs
  27 water moccasins
  7 hell hounds (D:11)
  A spectral torpor snail (Gauntlet)
  3 acid dragons
  2 swamp drakes (Lair:6)
  47 orc warriors
  3 sky beasts
  2 black bears
  An ice beast (D:6)
  4 ogres
  8 wolves
  17 centaurs
  2 kobold brigands
  8 bullfrogs
  A necrophage (D:7)
  3 gnoll sergeants
  2 scorpions
  2 earth elementals
  4 wights (D:8)
  33 killer bees
  3 electric eels
  4 howler monkeys (D:9)
  6 jellies
  8 hounds
  Crazy Yiuf (D:3)
  22 orc priests
  2 gnoll shamans
  2 iron imps (Gauntlet)
  3 iguanas
  28 orc wizards
  Terence (D:2)
  5 adders
  13 gnolls
  2 shadow imps (D:6)
  3 white imps
  An ufetubus (D:5)
  2 dart slugs (D:3)
  114 orcs
  12 endoplasms
  11 goblins
  6 hobgoblins
  3 quokkas
  6 ball pythons
  8 bats
  3 frilled lizards (D:1)
  17 kobolds
  8 rats
1237 creatures vanquished.

Vanquished Creatures (others)
  A rakshasa (Depths:1)
  A wizard (D:9)
  A raiju (Gauntlet)
  A water elemental (Elf:3)
  A fire bat (Depths:1)
  A steam dragon (Gauntlet)
  A naga (Snake:4)
  3 killer bees (Lair:5)
  An iron imp (Gauntlet)
  An orc wizard (Orc:2)
  2 orcs
  14 demonic plants (Gauntlet)
  53 fungi
  102 plants
  7 withered plants (D:15)
190 creatures vanquished.

Grand Total: 1427 creatures vanquished

Notes
Turn   | Place    | Note
-------+----------+-------------------------------------------
     0 | D:1      | frimble the Djinni Cinder Acolyte began the quest for the
                  | Orb.
     0 | D:1      | Reached XP level 1. HP: 20/20 MP: 0/0
   255 | D:1      | Reached XP level 2. HP: 16/25 MP: 0/0
   980 | D:1      | Found a faded altar of an unknown god.
   989 | D:1      | Reached XP level 3. HP: 21/30 MP: 0/0
   989 | D:1      | Learned a level 1 spell: Sandblast
  1655 | D:2      | Reached skill level 1 in Short Blades
  1655 | D:2      | Reached XP level 4. HP: 24/35 MP: 0/0
  1951 | D:2      | Noticed Terence
  1959 | D:2      | Killed Terence
  2395 | D:2      | Reached XP level 5. HP: 36/40 MP: 0/0
  2395 | D:2      | Learned a level 2 spell: Corpse Rot
  2527 | D:3      | Found a runed translucent door.
  2528 | D:3      | Noticed Crazy Yiuf
  2549 | D:3      | Noticed Sigmund
  2552 | D:3      | Killed Sigmund
  2553 | D:3      | Reached XP level 6. HP: 46/46 MP: 0/0
  3296 | D:3      | Reached XP level 7. HP: 44/50 MP: 0/0
  3296 | D:3      | Learned a level 3 spell: Portal Projectile
  4507 | D:4      | Found an ornate altar of the Wu Jian Council.
  4695 | D:5      | Entered Level 5 of the Dungeon
  4723 | D:5      | Noticed Grinder
  4728 | D:5      | Gained mutation: You possess an exceptional clarity of
                  | mind. [potion of mutation]
  4728 | D:5      | Gained mutation: You have sharp fingernails. [potion of
                  | mutation]
  4737 | D:5      | Paralysed by Grinder for 4 turns
  4742 | D:5      | Killed Grinder
  4743 | D:5      | Reached skill level 5 in Spellcasting
  5018 | D:5      | Reached XP level 8. HP: 37/56 MP: 0/0
  5380 | D:5      | Reached skill level 5 in Short Blades
  5380 | D:5      | Reached skill level 1 in Dodging
  5570 | D:5      | Noticed a yak
  5571 | D:5      | Noticed a yak
  5572 | D:5      | Noticed a yak
  5583 | D:5      | Noticed a yak
  5583 | D:5      | Noticed a yak
  5587 | D:5      | Killed a yak
  5591 | D:5      | Killed a yak
  5601 | D:5      | Killed a yak
  5667 | D:5      | Reached XP level 9. HP: 26/61 MP: 0/0
  5667 | D:5      | Learned a level 4 spell: Petrify
  5849 | D:5      | Reached skill level 5 in Dodging
  6122 | D:5      | Found a white marble altar of Elyvilon.
  6558 | D:5      | Noticed Eustachio
  6569 | D:5      | Killed Eustachio
  6725 | D:5      | Noticed Menkaure
  6728 | D:5      | Killed Menkaure
  6729 | D:5      | Reached skill level 1 in Stealth
  7300 | D:3      | Killed Crazy Yiuf
  7954 | D:6      | Noticed a fire crab
  7957 | D:6      | Found a transporter.
  7961 | D:6      | Found a transporter.
  7973 | D:6      | Noticed a kobold demonologist
  8217 | D:6      | Reached XP level 10. HP: 64/67 MP: 0/0
  8220 | D:6      | Found a staircase to the Ecumenical Temple.
  8544 | D:7      | Reached skill level 1 in Evocations
  8572 | D:7      | Found a flagged portal.
  8596 | Bailey   | Entered a bailey
  9364 | Bailey   | Reached skill level 6 in Fighting
  9364 | Bailey   | Reached XP level 11. HP: 78/78 MP: 0/0
  9364 | Bailey   | Learned a level 5 spell: Lee's Rapid Deconstruction
  9585 | D:7      | Reached skill level 1 in Armour
  9770 | D:8      | Found a runed translucent gate.
  9770 | D:8      | Found a runed translucent gate.
  9770 | D:8      | Found a runed translucent gate.
  9781 | D:8      | Reached skill level 5 in Evocations
  9956 | D:8      | Reached skill level 7 in Fighting
 10091 | D:8      | Noticed an 11-headed hydra
 10092 | D:8      | Noticed TheGamechu's ghost (novice TrBe)
 10471 | D:8      | Noticed Grum
 10483 | D:8      | Reached XP level 12. HP: 76/85 MP: 0/0
 10490 | D:8      | Killed Grum
 11153 | D:10     | Entered Level 10 of the Dungeon
 11244 | D:10     | Found Itymnipt's Distillery.
 11247 | D:10     | Bought a potion of heal wounds for 70 gold pieces
 11247 | D:10     | Bought a potion of heal wounds for 70 gold pieces
 11247 | D:10     | Bought a potion of heal wounds for 70 gold pieces
 11361 | D:10     | Noticed a two-headed ogre
 11374 | D:10     | Killed a two-headed ogre
 11526 | D:11     | Reached skill level 5 in Armour
 11581 | D:11     | Found a staircase to the Lair.
 11664 | D:11     | Noticed a two-headed ogre
 11682 | D:11     | Killed a two-headed ogre
 11683 | D:11     | Reached skill level 8 in Fighting
 11842 | D:11     | Noticed an eight-headed hydra
 11968 | D:11     | Noticed a hell knight
 11985 | D:11     | Killed a hell knight
 12013 | D:11     | Noticed a hell knight
 12013 | D:11     | Noticed a hell knight
 12017 | D:11     | Noticed a hell knight
 12136 | D:11     | Noticed a hell knight
 12136 | D:11     | Noticed a hell knight
 12142 | D:11     | Killed a hell knight
 12143 | D:11     | Killed a hell knight
 12165 | D:11     | Noticed a hell knight
 12170 | D:11     | Noticed a hell knight
 12182 | D:11     | Killed a hell knight
 12183 | D:11     | Reached skill level 9 in Fighting
 12231 | D:11     | Killed a hell knight
 12249 | D:11     | Killed a hell knight
 12250 | D:11     | Reached XP level 13. HP: 56/94 MP: 0/0
 12250 | D:11     | Learned a level 5 spell: Metabolic Englaciation
 12495 | D:11     | Killed an eight-headed hydra
 12903 | D:10     | Reached skill level 10 in Armour
 13169 | D:9      | Found a staircase to the Orcish Mines.
 13187 | D:9      | Identified the ring of Desiheigg {*Corrode Fly rElec Will+
                  | SInv}
 13260 | D:9      | Reached skill level 10 in Fighting
 13310 | D:9      | Noticed Harold
 13323 | D:9      | Killed Harold
 13364 | D:9      | Noticed a four-headed hydra
 13364 | D:9      | Noticed a boulder beetle
 13403 | D:9      | Killed a four-headed hydra
 13456 | D:9      | Killed a boulder beetle
 14061 | Lair:1   | Entered Level 1 of the Lair of Beasts
 14966 | Lair:2   | Found a staircase to the Snake Pit.
 15116 | Lair:2   | Reached XP level 14. HP: 103/103 MP: 0/0
 15179 | Lair:2   | Reached skill level 11 in Fighting
 15404 | Lair:2   | Identified the +0 helmet of Iskeng {Harm Str+2}
 16215 | Temple   | Entered the Ecumenical Temple
 16316 | Temple   | Fell from the grace of Ignis
 16316 | Temple   | Became a worshipper of Cheibriados the Contemplative
 16678 | Lair:3   | You are sucked into a shaft and drop 3 floors!
 16678 | Lair:6   | Entered Level 6 of the Lair of Beasts
 16736 | Lair:5   | Reached * piety under Cheibriados
 16876 | Lair:5   | Reached ** piety under Cheibriados
 16945 | Lair:5   | Reached skill level 1 in Invocations
 16981 | Lair:4   | Reached skill level 12 in Fighting
 17361 | Lair:3   | Found a staircase to the Shoals.
 17590 | Lair:3   | Reached *** piety under Cheibriados
 18348 | Lair:4   | Found a blossoming altar of Fedhas.
 18470 | Lair:5   | You are sucked into a shaft and drop 1 floor!
 18551 | Lair:5   | Found a staircase to the Slime Pits.
 18651 | Lair:5   | You are sucked into a shaft and drop 1 floor!
 18679 | Lair:6   | Reached XP level 15. HP: 69/113 MP: 0/0
 18679 | Lair:6   | Learned a level 6 spell: Statue Form
 18810 | Lair:6   | Reached **** piety under Cheibriados
 18940 | Lair:6   | Was forgiven by Ignis
 19074 | Lair:6   | Reached ***** piety under Cheibriados
 19260 | Lair:6   | Reached skill level 10 in Spellcasting
 19292 | Lair:6   | Reached skill level 5 in Invocations
 19564 | Lair:6   | Reached skill level 13 in Fighting
 19854 | Lair:6   | Reached skill level 5 in Stealth
 21459 | D:12     | Reached ****** piety under Cheibriados
 21460 | D:12     | Reached XP level 16. HP: 50/121 MP: 0/0
 22388 | D:13     | Reached skill level 5 in Unarmed Combat
 22574 | D:13     | Reached skill level 1 in Shields
 23789 | D:14     | Found a gate to the Vaults.
 23878 | D:15     | Entered Level 15 of the Dungeon
 24073 | Orc:1    | Entered Level 1 of the Orcish Mines
 24227 | Orc:2    | Entered Level 2 of the Orcish Mines
 24248 | Orc:2    | Paralysed by an orc sorcerer for 5 turns
 24265 | Orc:2    | Noticed Urug
 24273 | Orc:2    | Reached skill level 14 in Fighting
 24276 | Orc:2    | Killed Urug
 24327 | Orc:2    | Noticed Erolcha
 24334 | Orc:2    | Killed Erolcha
 24366 | Orc:2    | Found a staircase to the Elven Halls.
 24424 | Orc:2    | Found a gate leading to a gauntlet.
 24433 | Gauntlet | Entered a Gauntlet
 24433 | Gauntlet | Found a transporter.
 24443 | Gauntlet | Found a transporter.
 24458 | Gauntlet | Found a transporter.
 24463 | Gauntlet | Found a transporter.
 24486 | Gauntlet | Found a transporter.
 24502 | Gauntlet | Found a transporter.
 24511 | Gauntlet | Found a transporter.
 24523 | Gauntlet | Found a transporter.
 24531 | Gauntlet | Found a large runed translucent door.
 24532 | Gauntlet | Found a large runed translucent door.
 24533 | Gauntlet | Found a large runed translucent door.
 24533 | Gauntlet | Found a large runed translucent door.
 24534 | Gauntlet | Found a runed translucent gate.
 24535 | Gauntlet | Found a transporter.
 24535 | Gauntlet | Found a runed translucent gate.
 24536 | Gauntlet | Found a runed translucent gate.
 24537 | Gauntlet | Found a large runed translucent door.
 24537 | Gauntlet | Found a large runed translucent door.
 24538 | Gauntlet | Found a large runed translucent door.
 24539 | Gauntlet | Found a large runed translucent door.
 24547 | Gauntlet | Found a transporter.
 24564 | Gauntlet | Found a transporter.
 24578 | Gauntlet | Found a large runed translucent door.
 24579 | Gauntlet | Found a large runed translucent door.
 24580 | Gauntlet | Found a large runed translucent door.
 24580 | Gauntlet | Found a large runed translucent door.
 24581 | Gauntlet | Found a runed translucent door.
 24582 | Gauntlet | Found a transporter.
 24583 | Gauntlet | Found a runed translucent door.
 24584 | Gauntlet | Found a transporter.
 24584 | Gauntlet | Found a large runed translucent door.
 24584 | Gauntlet | Found a large runed translucent door.
 24585 | Gauntlet | Found a large runed translucent door.
 24611 | Gauntlet | Found a transporter.
 24631 | Gauntlet | Found a transporter.
 24709 | Gauntlet | Found a transporter.
 24729 | Gauntlet | Found a transporter.
 24745 | Gauntlet | Found a large runed translucent door.
 24832 | Gauntlet | Found a transporter.
 24959 | Gauntlet | Identified the ring "Viheyqeg" {rPois rF+ Will- MP+9 Int+6}
 25002 | Gauntlet | Reached XP level 17. HP: 32/129 MP: 0/0
 25002 | Gauntlet | Learned a level 6 spell: Dispersal
 25075 | Gauntlet | Identified the +2 pair of boots of Kikubaaqudgha's Envy
                  | {Harm Dex+4}
 25538 | Orc:2    | Reached skill level 5 in Shields
 25624 | Orc:2    | Found Duekky's Antique Armour Shop.
 25625 | Orc:2    | Found Goant's Antique Weapon Shop.
 25627 | Orc:2    | Found Qiysurin's General Store.
 25627 | Orc:2    | Found Iriungu's Jewellery Boutique.
 25643 | Orc:2    | Bought a potion of curing for 33 gold pieces
 25643 | Orc:2    | Bought a scroll of teleportation for 33 gold pieces
 25643 | Orc:2    | Bought a potion of curing for 33 gold pieces
 26169 | Orc:1    | Reached skill level 1 in Polearms
 26631 | D:15     | Found a stormy altar of Qazlal.
 26884 | D:15     | Found a staircase to the Depths.
 27720 | Elf:1    | Entered Level 1 of the Elven Halls
 27899 | Elf:1    | Reached skill level 5 in Polearms
 28025 | Elf:1    | Found Vumeavu's Assorted Antiques.
 28036 | Elf:1    | Bought a potion of heal wounds for 100 gold pieces
 28036 | Elf:1    | Bought 2 potions of curing for 120 gold pieces
 28251 | Elf:1    | Reached XP level 18. HP: 82/136 MP: 0/0
 28864 | Elf:2    | Found Xiyluviu's General Store.
 28870 | Elf:2    | Bought a scroll of teleportation for 48 gold pieces
 28870 | Elf:2    | Bought a scroll of enchant weapon for 120 gold pieces
 28870 | Elf:2    | Bought a potion of brilliance for 64 gold pieces
 28870 | Elf:2    | Bought a scroll of immolation for 56 gold pieces
 28931 | Elf:2    | Paralysed by an air elemental for 1 turns
 29376 | Elf:2    | Identified the +0 pair of boots of Fun and Games {Will+
                  | MP+9 Dex+4 Stlth-}
 29540 | Elf:2    | Found a runed translucent gate.
 29540 | Elf:2    | Found a runed translucent gate.
 29541 | Elf:2    | Found a runed translucent gate.
 29693 | Elf:3    | Entered Level 3 of the Elven Halls
 29953 | Elf:3    | Noticed a deep elf blademaster
 29954 | Elf:3    | Noticed a deep elf blademaster
 29966 | Elf:3    | Killed a deep elf blademaster
 29967 | Elf:3    | Killed a deep elf blademaster
 29971 | Elf:3    | Identified the +3 leather armour of Thoughtfulness {rPois
                  | rF+ Will- Str+2}
 29976 | Elf:3    | Noticed a deep elf master archer
 29983 | Elf:3    | Reached XP level 19. HP: 76/141 MP: 0/0
 29983 | Elf:3    | Learned a level 6 spell: Death Channel
 29989 | Elf:3    | Noticed a Tzitzimitl
 30328 | Elf:3    | Identified the +1 robe of Sloth {rPois Dex+3}
 30394 | Elf:3    | Reached skill level 10 in Polearms
 30394 | Elf:3    | Reached skill level 10 in Shields
 30485 | Elf:3    | Identified the +7 whip of the Undead {vorpal, *Slow rC+
                  | Str+6}
 30509 | Elf:3    | Identified the +0 plate armour of Seidaigrai {rCorr Str+2
                  | Dex-5}
 31087 | Snake:1  | Entered Level 1 of the Snake Pit
 32073 | Snake:2  | Found Vyesarui's Magic Scroll Shoppe.
 32083 | Snake:2  | Bought a scroll of acquirement for 728 gold pieces
 32083 | Snake:2  | Bought a scroll of teleportation for 42 gold pieces
 32083 | Snake:2  | Bought a scroll of teleportation for 42 gold pieces
 32083 | Snake:2  | Bought a scroll of magic mapping for 49 gold pieces
 32083 | Snake:2  | Bought a scroll of summoning for 133 gold pieces
 32083 | Snake:2  | Acquired the +2 cloak of the Vacuum {Slay+2}
 32728 | Snake:2  | Noticed Vashnia
 32928 | Snake:2  | Killed Vashnia
 33381 | Snake:3  | Found a burning altar of Makhleb.
 33668 | Snake:3  | Reached XP level 20. HP: 148/148 MP: 0/0
 34212 | Snake:4  | Entered Level 4 of the Snake Pit
 34312 | Snake:4  | Noticed Agnes
 34327 | Snake:4  | Killed Agnes
 34783 | Snake:4  | Identified the +2 pair of gloves of Ilarua {Will- Dex+5
                  | Stlth+}
 35512 | Snake:4  | Reached skill level 10 in Dodging
 35569 | Snake:4  | Got a serpentine rune of Zot
 36045 | Shoals:1 | Entered Level 1 of the Shoals
 36400 | Shoals:1 | Reached skill level 15 in Fighting
 36762 | Shoals:1 | Reached XP level 21. HP: 155/155 MP: 0/0
 36762 | Shoals:1 | Learned a level 8 spell: Necromutation
 37327 | Depths:1 | Entered Level 1 of the Depths
 37565 | Depths:1 | Killed from afar by a living spell

Illustrated notes

Levels and vault maps discovered:
D:1:      dpeg_arrival_arbitrary_c, layout_loops_ring,
          dreamdust_ecumenical_altar_grove, corexii_hall_statues_u
D:2:      layout_basic, uniq_terence
D:3:      layout_loops_corners, uniq_crazy_yiuf_cottage, uniq_sigmund
D:4:      layout_cave_pools, pdpol_wu_jian_five_deadly_venoms
D:5:      layout_loops_corners, mainiacjoe_overflow_24_doors,
          minmay_a_box_with_orc_wizards_in_it, uniq_eustachio, uniq_menkaure,
          uniq_grinder
D:6:      gammafunk_wand_slinger, layout_loops_ring,
          minmay_temple_entry_large_hall
D:7:      layout_rooms, enter_bailey_5
D:8:      layout_basic, gammafunk_ghost_hydra_chop, uniq_grum
D:9:      nzn_winding_woodlands_small [nzn_winding_woodlands_5x15_jagged,
          nzn_winding_woodlands_center_lodge,
          nzn_winding_woodlands_5x15_parted], layout_long_grid, orc_0_dummy,
          uniq_harold
D:10:     layout_long_grid, serial_shops, nicolae_shop_behind_doors
D:11:     layout_cave_pools, erik_lair_island, minmay_rotating_lava
D:12:     layout_roguey
D:13:     layout_gridville
D:14:     layout_stronghold, david_vaults_4, kennysheep_another_room
D:15:     gammafunk_depths_entry_grave, layout_basic, serial_aquarium,
          aquarium_bridge_square [aquarium_subvault_window,
          aquarium_subvault_wall, aquarium_subvault_bridge,
          aquarium_subvault_wall], aquarium_bridge_square
          [aquarium_subvault_bridge, aquarium_subvault_bridge,
          aquarium_subvault_bridge, aquarium_subvault_window],
          aquarium_window_fake, aquarium_window_corridor_3, aquarium_view_2b,
          aquarium_view_2c, basic_altar
Temple:   regret_index_temple_chain_breaker
Lair:1:   layout_chaotic_city
Lair:2:   layout_roguey, guppyfry_snake_entry_island
Lair:3:   layout_gridlike, minmay_shoals_entry_beasts,
          chequers_serial_rivers_small_a
Lair:4:   layout_misc_corridors, hangedman_tree_tricks, serial_bayou_shore_a,
          grunt_megastairs_3
Lair:5:   layout_roguey [special_room_bee], minmay_slime_entry_pillars,
          lemuel_old_faithful, grunt_megastairs_2
Lair:6:   hangedman_lair_tendril_chambers, layout_misc_corridors,
          guppyfry_lair_end_dragon
Shoals:1: layout_shoals, nicolae_shoals_goliath_grotto
Snake:1:  layout_onion_interference, serial_bayou_pond_e,
          nicolae_snake_gridmaze_spiral, lemuel_fruit_tree
Snake:2:  kennysheep_six_static_rooms, layout_misc_corridors, serial_shops,
          shop, uniq_vashnia
Snake:3:  layout_honeycomb, basic_altar
Snake:4:  grunt_snake_rune_serpentine_throne, layout_cave_town, uniq_agnes
Orc:1:    layout_diamond_mine
Orc:2:    st_orc_congregation, layout_caves, gauntlet_entry_generic,
          nicolae_volcano_entry_vermiform, uniq_urug, uniq_erolcha
Elf:1:    eino_elf_arrival_altar, layout_geoelf_octagon, serial_shops,
          nicolae_square_shop, hangedman_elf_represent
Elf:2:    nicolae_elf_blades_splatter_lattice [nicolae_blade_lattice],
          layout_geoelf_diagonals, serial_shops, shop, dk_noncrumbling_3
Elf:3:    elf_hall, layout_loops_cross
Depths:1: layout_big_octagon, lightli_too_deep, nicolae_ru_sacrificial_ziggurat,
          infiniplex_staircase_pool_lava, grunt_megastairs_5, minmay_shop_star

Skill      XL: |  1  2  3  4  5  6  7  8  9 10 11 12 13 14 15 16 17 18 19 20 21 |
---------------+----------------------------------------------------------------+-----
Spellcasting   | 3 4 5 7 8 9 10 11 12 13 | 13.6
Short Blades   | 1 2 3 4 6 8 11 12 | 12.0
Dodging        | 4 6 8 9 10 | 10.5
Stealth        | 3 5 6 |  6.6
Evocations     | 4 5 7 |  7.4
Fighting       | 6 7 9 10 12 13 14 15 | 15.1
Armour         | 3 8 12 13 | 13.5
Invocations    | 3 5 6 7 8 |  8.0
Unarmed Combat | 4 6 7 |  7.3
Shields        | 4 7 9 10 11 | 11.1
Polearms       | 5 9 11 12 | 12.0

Action                   |  1- 3 |  4- 6 |  7- 9 | 10-12 | 13-15 | 16-18 | 19-21 || total
-------------------------+-------+-------+-------+-------+-------+-------+-------++-------
Melee: Unarmed           |    59 |       |       |       |       |       |       ||    59
       Punch             |     3 |     2 |     2 |    16 |    73 |    39 |       ||   135
       Short sword       |    39 |    54 |   227 |   470 |  1767 |  1269 |   274 ||  4100
       Lance             |       |       |       |       |       |       |   944 ||   944
 Cast: Scorch            |     9 |     9 |    31 |    54 |    15 |       |       ||   118
       Corpse Rot        |       |       |     5 |     1 |       |       |       ||     6
       Petrify           |       |       |    12 |    88 |    37 |     5 |       ||   142
       Portal Projectile |       |       |     1 |       |       |       |       ||     1
       Lee's Rapid Decon |       |       |       |    34 |    12 |    98 |    37 ||   181
       Statue Form       |       |       |       |       |    24 |    59 |    70 ||   153
       Dispersal         |       |       |       |       |       |     1 |       ||     1
Invok: Bend Time         |       |       |       |       |     1 |       |       ||     1
       Slouch            |       |       |       |       |     1 |    11 |    10 ||    22
       Step From Time    |       |       |       |       |       |       |     1 ||     1
 Abil: End Transformatio |       |       |       |       |       |     1 |       ||     1
Evoke: Wand              |       |     4 |     1 |     3 |     5 |     7 |    13 ||    33
       Condenser vane    |       |       |       |     1 |     1 |     4 |     3 ||     9
       Phantom mirror    |       |       |       |       |     1 |     2 |       ||     3
       Tin of tremorston |       |       |       |       |       |       |     4 ||     4
  Use: Scroll            |       |       |    10 |     8 |     9 |     4 |     3 ||    34
       Potion            |       |       |     2 |     6 |     8 |       |     1 ||    17
 Stab: Petrified         |       |       |    18 |    56 |    27 |     3 |       ||   104
       Sleeping          |       |       |       |     1 |     4 |    10 |    13 ||    28
       Distracted        |       |       |       |     1 |       |     2 |       ||     3
       Petrifying        |       |       |       |     2 |     5 |       |       ||     7
       Paralysed         |       |       |       |       |       |       |     4 ||     4
Armor: Robe              |    16 |       |    10 |    70 |       |       |       ||    96
       Leather armour    |    13 |    20 |    25 |       |       |       |       ||    58
       Skin              |       |       |       |    22 |   409 |   727 |   410 ||  1568
       Troll leather arm |       |       |       |    28 |   400 |    93 |    30 ||   551
Dodge: Dodged            |    51 |    34 |   102 |   225 |  1297 |  1267 |   826 ||  3802
Block: Buckler           |       |       |       |       |       |   327 |   442 ||   769

Table legend: (Time is in decaauts)
 A = Elapsed time spent in this place.
 B = Non-inter-level travel time spent in this place.
 C = Inter-level travel time spent in this place.
 D = Time resting spent in this place.
 E = Time spent auto-exploring this place.
 F = Levels seen in this place.
 G = Mean time per level.
                   A        B        C        D        E       F      G
               +--------+--------+--------+--------+--------+-----+--------+
         Total |  52441 |  47022 |   5419 |    723 |  34462 |  35 | 1498.3 |
       Dungeon |  21871 |  19294 |   2577 |    438 |  15209 |  15 | 1458.1 |
        Temple |    116 |     80 |     36 |      0 |     65 |   1 |  116.0 |
          Lair |   8521 |   7416 |   1105 |     28 |   5240 |   6 | 1420.2 |
        Shoals |   1915 |   1866 |     49 |      0 |   1321 |   1 | 1915.0 |
     Snake Pit |   9103 |   8460 |    643 |      6 |   6561 |   4 | 2275.8 |
  Orcish Mines |   3074 |   2474 |    600 |      0 |   1502 |   2 | 1537.0 |
   Elven Halls |   5757 |   5351 |    406 |     71 |   3767 |   3 | 1919.0 |
        Depths |     84 |     84 |      0 |      0 |      6 |   1 |   84.0 |
        Bailey |    777 |    777 |      0 |    111 |    162 |   1 |  777.0 |
      Gauntlet |   1218 |   1218 |      0 |     69 |    628 |   1 | 1218.0 |
               +--------+--------+--------+--------+--------+-----+--------+

Top non-repeatable levels by time:
 Snake:4: 2664 daAuts
 Snake:3: 2431 daAuts
    D:14: 2404 daAuts
     D:5: 2402 daAuts
  Lair:6: 2322 daAuts
   Orc:2: 2295 daAuts
   Elf:3: 2155 daAuts
    D:15: 2089 daAuts
 Snake:2: 2004 daAuts
 Snake:1: 2003 daAuts
Shoals:1: 1915 daAuts
   Elf:1: 1810 daAuts
   Elf:2: 1792 daAuts
     D:3: 1774 daAuts
    D:13: 1680 daAuts
